 Dungeon Sprint DCSS version 0.27-a0-412-g8dd771eca2 (webtiles) character file.

Game seed: 309608274375045976

288175 Gaff the Phalangite (level 13, 105/141 HPs)
             Began as a Minotaur Berserker on Feb 24, 2021.
             Was a High Priest of Trog.
             Escaped with the Orb!
             The game lasted 00:52:40 (8519 turns).

Gaff the Phalangite (Minotaur Berserker)            Turns: 8519, Time: 00:52:40

Health: 105/141    AC: 22    Str: 21    XL:     13   Next: 40%
Magic:  4/4        EV: 18    Int: 12    God:    Trog [*****.]
Gold:   2695       SH:  0    Dex: 16    Spells: 12/12 levels left

rFire    + + +     SeeInvis +   T - +7 glaive "Iwovimea" {antimagic, rF+ Dex+6}
rCold    . . .     Faith    +   (shield currently unavailable)
rNeg     . . .     Spirit   .   w - +3 ring mail {rPois}
rPois    +         Reflect  .   N - +2 hat
rElec    .         Harm     .   G - +0 cloak "Eqirurru" {rPois Will+ Str-3 Int+2}
rCorr    .         Rampage  +   t - +2 pair of gloves
Will     +....     NoTele   +   E - +0 pair of boots {rampage}
Stlth    +.........             L - amulet "Ykaar" {Faith rF+}
HPRegen  0.33/turn              X - ring "Man Utuiqe" {rPois rF+++ Str-3 Int+6 SInv}
MPRegen  0.09/turn              V - ring of flight

@: no status effects
A: retaliatory headbutt, horns 2
0: Orb of Zot
a: Renounce Religion, Evoke Flight, Berserk, Trog's Hand, Brothers in Arms


You escaped.
You worshipped Trog.
Trog was extremely pleased with you.
You visited 1 branch You collected 6846 gold pieces.
You spent 4151 gold pieces at shops.

Inventory:

Hand Weapons
 j - a +2 spear of venom
 k - a +4 scythe
 x - a +2 vorpal halberd
 y - a +4 antimagic glaive
 z - the +2 glaive of Courage {freeze, Int+3}
   (You found it in the Dungeon)

   It has been specially enchanted to freeze those struck by it, causing extra
   injury to most foes and up to half again as much damage against particularly
   susceptible opponents.
   It can also slow down cold-blooded creatures.
   It affects your intelligence (+3).
 P - a +5 trident of flaming
 T - the +7 glaive "Iwovimea" (weapon) {antimagic, rF+ Dex+6}
   (Trog gifted it to you in the Dungeon)

   It reduces the magical energy of the wielder, and disrupts the spells and
   magical abilities of those hit.
   Natural abilities and divine invocations are not affected.
   It affects your dexterity (+6).
   It protects you from fire.
 U - a +5 long sword of holy wrath
 W - a +7 halberd of flaming
 Z - a +7 vampiric demon trident
Missiles
 p - 13 poisoned darts
 q - 135 stones
 v - 4 curare-tipped darts
Armour
 a - a +2 leather armour of fire resistance
 m - a +2 leather armour of cold resistance
 r - a +0 troll leather armour
 t - a +2 pair of gloves (worn)
 w - a +3 ring mail of poison resistance (worn)
 E - a +0 pair of boots of rampaging (worn)
 G - the +0 cloak "Eqirurru" (worn) {rPois Will+ Str-3 Int+2}
   (You bought it in a shop in the Dungeon)

   It affects your strength (-3).
   It affects your intelligence (+2).
   It protects you from poison.
   It affects your willpower, your defense against some magical effects.
 N - a +2 hat (worn)
Jewellery
 F - the ring of Mistrust {MP+9 Int+2 Dex+6}
   (You bought it in a shop in the Dungeon)

   [ring of dexterity]

   It affects your intelligence (+2).
   It affects your dexterity (+6).
   It affects your magic capacity (+9).
 L - the amulet "Ykaar" (around neck) {Faith rF+}
   (You bought it in a shop in the Dungeon)

   [amulet of faith]

   It allows you to gain divine favour quickly.
   It protects you from fire.
 M - the amulet of Duepod {RegenMP +Fly rF- rC+ Stlth+}
   (You bought it in a shop in the Dungeon)

   [amulet of magic regeneration]

   It increases your magic regeneration.
   It makes you vulnerable to fire.
   It protects you from cold.
   It lets you fly.
   It makes you more stealthy.
 Q - a ring of positive energy
 V - a ring of flight (right hand)
 X - the ring "Man Utuiqe" (left hand) {rPois rF+++ Str-3 Int+6 SInv}
   (You bought it in a shop in the Dungeon)

   [ring of poison resistance]

   It affects your strength (-3).
   It affects your intelligence (+6).
   It renders you almost immune to fire.
   It protects you from poison.
   It lets you see invisible.
Wands
 i - a wand of random effects (22)
 u - a wand of iceblast (4)
 A - a wand of charming (9)
Scrolls
 h - a scroll of blinking
 s - a scroll of brand weapon {unknown}
 B - 2 scrolls of fear
 C - 2 scrolls of magic mapping {unknown}
 I - a scroll of fog {unknown}
 J - 3 scrolls of identify {unknown}
 K - a scroll of immolation
 O - a scroll of enchant weapon
 R - a scroll of enchant armour {unknown}
 S - a scroll of amnesia {unknown}
Potions
 c - 3 potions of curing
 d - a potion of heal wounds
 e - a potion of haste
 f - 2 potions of magic
 g - a potion of berserk rage
 l - 2 potions of brilliance {unknown}
 n - a potion of ambrosia
 o - 3 potions of attraction {unknown}
 D - a potion of lignification
 H - 2 potions of cancellation
 Y - a potion of might
Miscellaneous
 b - a phantom mirror


   Skills:
 + Level 20.7 Fighting
 + Level 25.1 Polearms
 + Level 19.9 Armour
 + Level 10.0 Dodging
 + Level 4.4 Stealth
 + Level 3.0 Evocations


You had 12 spell levels left.
You didn't know any spells.
Your spell library was empty.

Dungeon Overview and Level Annotations

Branches:
Dungeon (1/1)

Altars:
Cheibriados
Dithmenos
Elyvilon
Fedhas
Gozag
Hepliaklqana
Kikubaaqudgha
Makhleb
Nemelex Xobeh
Okawaru
Qazlal
Ru
Sif Muna
Trog
Uskayaw
Vehumet
Wu Jian
Xom
Yredelemnul
Zin
The Shining One
Jiyva
Lugonu

Shops:
D [===[**[![[((!([?:

Annotations:
D Tiamat


Innate Abilities, Weirdness & Mutations

You reflexively headbutt those who attack you in melee.
You have a pair of horns on your head.


Message History

V - a ring of flight (right hand)
You feel very buoyant.
You fly up into the air.
Your deep troll rages.
Your deep troll rages.
There is an open door here.
There is an open door here.
You hear a shout!
There is an open door here.
Press: ? - help, v - describe, . - travel The floor.
Okay, then.
You see here a +0 rapier.
There is an open door, spattered with blood here.
You avoid triggering an arrow trap.
There is an arrow trap, spattered with blood here.
There is an open door here.
You see here a +0 trident.
There is an open door, spattered with blood here.
There is an open door, spattered with blood here.
There is an open door here.
There is an open door here.
You see here a +0 mace.
Press: ? - help, v - describe, . - travel, g - get item
Items here: a +0 dagger; a +0 robe.
An open door, spattered with blood.
This square is covered in magical glow.
There is an open door, spattered with blood here.
Things that are here:
a +0 dagger; a +0 robe You are starting to lose your buoyancy.
There is an open door here.
There is an open door, spattered with blood here.
There is an open door here.
You float gracefully downwards.
There is an open door here.
There is an open door here.
There is an open door here.
There is a staircase leading out of the dungeon here.
You have escaped!

##################
#@.#..'..#.['..#__
#..'..#..'..#..'..
#..#####'#####'#__
#).####..#...#.###
#..#__####..##.#§≈
#..#_____##'#_.)§≈
#⌠⌠#_.∩...'..._#§§
####_..__##_.#'##'
#_____###'#.#§§


There were no monsters in sight!

Vanquished Creatures
  A deep elf master archer (D)
  4 fire giants (D)
  A deep elf annihilator (D)
  A lorocyproca (D)
  A mummy priest (D)
  A hydra (D)
  2 centaur warriors (D)
  Sonja (D)
  7 unseen horrors (D)
  A deep troll (D)
  A lindwurm (D)
  2 oklob plants (D)
  2 merfolk sirens (D)
  A gargoyle (D)
  2 kobold demonologists (D)
  4 demonic crawlers (D)
  A hellwing (D)
  4 hornets (D)
  A slime creature (D)
  Sigmund (D)
  2 redbacks (D)
  A yak (D)
  13 hogs (D)
  3 floating eyes (D)
  7 necrophages (D)
  An ogre (D)
  8 jellies (D)
  Ijyb (D)
75 creatures vanquished.

Vanquished Creatures (collateral kills)
  Lom Lobon (D)
  A golden dragon (D)
  A shadow dragon (D)
  A green death (D)
4 creatures vanquished.

Vanquished Creatures (others)
  the Lernaean hydra (D)
  An Orb Guardian (D)
  A gargoyle (D)
  A hornet (D)
  2 ball lightnings (D)
  2 ballistomycete spores (D)
8 creatures vanquished.

Grand Total: 87 creatures vanquished

Notes
Turn   | Place    | Note
-------+----------+-------------------------------------------
     0 | D        | Gaff the Minotaur Berserker began the quest for the Orb.
     0 | D        | Reached XP level 1. HP: 19/19 MP: 0/0
     1 | D        | Noticed Ijyb
     4 | D        | Killed Ijyb
     5 | D        | Reached skill level 5 in Fighting
     5 | D        | Reached skill level 5 in Polearms
     5 | D        | Reached XP level 2. HP: 29/29 MP: 1/1
    41 | D        | Noticed an ogre
    50 | D        | Killed an ogre
    51 | D        | Reached skill level 7 in Polearms
    51 | D        | Reached XP level 3. HP: 40/40 MP: 2/2
    51 | D        | Reached XP level 4. HP: 48/48 MP: 3/3
   114 | D        | Noticed Sigmund
   123 | D        | Killed Sigmund
   123 | D        | Reached ** piety under Trog
   124 | D        | Reached skill level 10 in Polearms
   124 | D        | Reached skill level 5 in Armour
   124 | D        | Reached XP level 5. HP: 33/57 MP: 4/4
   124 | D        | Reached XP level 6. HP: 37/64 MP: 5/5
   265 | D        | Found an ornate altar of the Wu Jian Council.
   265 | D        | Found a shimmering blue altar of Sif Muna.
   267 | D        | Found a radiant altar of Vehumet.
   279 | D        | Found Wiafitiseck's Jewellery Emporium.
   279 | D        | Found an ancient bone altar of Kikubaaqudgha.
   279 | D        | Found a hazy altar of Hepliaklqana.
   279 | D        | Found a stormy altar of Qazlal.
   279 | D        | Found a hide-covered altar of Uskayaw.
   279 | D        | Found a blossoming altar of Fedhas.
   279 | D        | Found a bloodstained altar of Trog.
   279 | D        | Found an iron altar of Okawaru.
   279 | D        | Found a basalt altar of Yredelemnul.
   279 | D        | Found a glowing golden altar of the Shining One.
   279 | D        | Found a snail-covered altar of Cheibriados.
   279 | D        | Found a sacrificial altar of Ru.
   279 | D        | Found a glowing silver altar of Zin.
   279 | D        | Found a shadowy altar of Dithmenos.
   279 | D        | Found a white marble altar of Elyvilon.
   279 | D        | Noticed a yak
   286 | D        | Killed a yak
   287 | D        | Reached skill level 10 in Fighting
   287 | D        | Reached skill level 11 in Polearms
   287 | D        | Reached skill level 5 in Dodging
   288 | D        | Found an opulent altar of Gozag.
   404 | D        | Found a viscous altar of Jiyva.
   404 | D        | Found a corrupted altar of Lugonu.
   404 | D        | Noticed a slime creature
   405 | D        | Found a burning altar of Makhleb.
   405 | D        | Found a shimmering altar of Xom.
   411 | D        | Killed a slime creature
   411 | D        | Reached *** piety under Trog
   412 | D        | Reached skill level 12 in Polearms
   412 | D        | Reached XP level 7. HP: 59/74 MP: 6/6
   673 | D        | Noticed a kobold demonologist
   673 | D        | Noticed a kobold demonologist
   677 | D        | Killed a kobold demonologist
   678 | D        | Reached skill level 13 in Polearms
   679 | D        | Paralysed by a floating eye for 3 turns
   683 | D        | Killed a kobold demonologist
   684 | D        | Reached skill level 14 in Polearms
   684 | D        | Reached XP level 8. HP: 83/83 MP: 7/7
   684 | D        | Reached **** piety under Trog
   733 | D        | Noticed a centaur warrior
   733 | D        | Noticed a centaur warrior
   740 | D        | Killed a centaur warrior
   741 | D        | Reached skill level 15 in Polearms
   741 | D        | Reached skill level 10 in Armour
   748 | D        | Killed a centaur warrior
   749 | D        | Reached skill level 16 in Polearms
   749 | D        | Reached skill level 1 in Stealth
   749 | D        | Reached XP level 9. HP: 60/93 MP: 8/8
  1078 | D        | Noticed a deep troll
  1082 | D        | Killed a deep troll
  1082 | D        | Reached ***** piety under Trog
  1083 | D        | Reached skill level 17 in Polearms
  1266 | D        | Found Quqy's Armour Emporium.
  1292 | D        | Found a sparkling altar of Nemelex Xobeh.
  1315 | D        | Bought a +2 pair of gloves for 181 gold pieces
  1427 | D        | Noticed Sonja
  1432 | D        | Killed Sonja
  1508 | D        | Found Onaempad's Antique Armour Boutique.
  1522 | D        | Bought a shiny chain mail for 135 gold pieces
  1524 | D        | Killed a gargoyle
  1601 | D        | Noticed an oklob plant
  1606 | D        | Killed an oklob plant
  1607 | D        | Reached skill level 18 in Polearms
  1607 | D        | Reached XP level 10. HP: 102/103 MP: 9/9
  1734 | D        | Received a gift from Trog
  1776 | D        | Killed an unseen horror
  1782 | D        | Killed an unseen horror
  1858 | D        | Reached skill level 19 in Polearms
  1863 | D        | Received a gift from Trog
  1904 | D        | Received a gift from Trog
  1906 | D        | Reached skill level 15 in Fighting
  1919 | D        | Reached ****** piety under Trog
  1944 | D        | Found Kepluicu's Jewellery Shoppe.
  1944 | D        | Found Tazxodoto's Jewellery Shop.
  1944 | D        | Found Ecvu's Antique Armour Boutique.
  1946 | D        | Found Rappiat's Assorted Antiques.
  1946 | D        | Found Otrouxzoma's Assorted Antiques.
  1946 | D        | Found Sovoqit's Armour Shoppe.
  1946 | D        | Found Daukenn's Distillery.
  1946 | D        | Found Wyela Waeblo's Antique Armour Emporium.
  1946 | D        | Found Nishask's Armour Shop.
  1946 | D        | Found Rywimnab's Weapon Shoppe.
  1949 | D        | Found Aptuucor's Weapon Boutique.
  1950 | D        | Found Vukhleiwn's Antique Weapon Emporium.
  1950 | D        | Found Zorado's Distillery.
  1951 | D        | Found Tysaik's Magic Scroll Emporium.
  1960 | D        | Bought a potion of degeneration for 13 gold pieces
  1969 | D        | Bought a bound marble ring for 135 gold pieces
  1969 | D        | Identified the ring of Mistrust {MP+9 Int+2 Dex+6} (You
                  | bought it in a shop in the Dungeon)
  1971 | D        | Bought a jewelled cloak for 256 gold pieces
  1976 | D        | Identified the +0 cloak "Eqirurru" {rPois Will+ Str-3
                  | Int+2} (You bought it in a shop in the Dungeon)
  2121 | D        | Noticed a lindwurm
  2124 | D        | Killed a lindwurm
  2125 | D        | Reached skill level 20 in Polearms
  2125 | D        | Reached XP level 11. HP: 114/114 MP: 6/10
  2195 | D        | Killed a lorocyproca
  2195 | D        | Received a gift from Trog
  2511 | D        | Killed the 27-headed Lernaean hydra
  2762 | D        | Bought the amulet "Ykaar" {Faith rF+} for 540 gold pieces
  2834 | D        | Bought the amulet of Duepod {RegenMP +Fly rF- rC+ Stlth+}
                  | for 502 gold pieces
  2916 | D        | Reached skill level 21 in Polearms
  2922 | D        | Received a gift from Trog
  2944 | D        | Noticed a daeva
  3112 | D        | Killed an unseen horror
  3115 | D        | Killed an unseen horror
  3119 | D        | Killed an unseen horror
  3120 | D        | Reached skill level 15 in Armour
  3122 | D        | Noticed an unseen horror
  3128 | D        | Killed an unseen horror
  3146 | D        | Killed an unseen horror
  3517 | D        | Noticed a fire giant
  3518 | D        | Noticed a fire giant
  3528 | D        | Killed a fire giant
  3529 | D        | Reached skill level 22 in Polearms
  3544 | D        | Killed a fire giant
  3544 | D        | Received a gift from Trog
  3545 | D        | Reached XP level 12. HP: 119/127 MP: 11/11
  3575 | D        | Noticed a fire giant
  3576 | D        | Noticed a fire giant
  3590 | D        | Killed a fire giant
  3593 | D        | Killed a fire giant
  3594 | D        | Reached skill level 23 in Polearms
  3738 | D        | Found the +4 dragonskin cloak
  3738 | D        | Noticed Tiamat
  3960 | D        | Noticed a 12-headed hydra
  3964 | D        | Killed a 15-headed hydra
  3964 | D        | Received a gift from Trog
  3965 | D        | Got a warped glaive {god gift}
  3965 | D        | Paralysed by a floating eye for 3 turns
  3970 | D        | Identified the +7 glaive "Iwovimea" {antimagic, rF+ Dex+6}
                  | (Trog gifted it to you in the Dungeon)
  4084 | D        | Noticed a deep elf annihilator
  4215 | D        | Noticed a shadow dragon
  4215 | D        | Noticed a golden dragon
  4315 | D        | Bought a ring of flight for 175 gold pieces
  4364 | D        | Killed a deep elf annihilator
  4364 | D        | Received a gift from Trog
  4396 | D        | Paralysed by a hornet for 3 turns
  4606 | D        | Noticed a mummy priest
  4895 | D        | Bought the ring "Man Utuiqe" {rPois rF+++ Str-3 Int+6 SInv}
                  | for 725 gold pieces
  4953 | D        | Killed a mummy priest
  4958 | D        | Received a gift from Trog
  5218 | D        | Noticed a deep elf master archer
  5247 | D        | Killed a deep elf master archer
  5248 | D        | Reached skill level 24 in Polearms
  5552 | D        | Noticed Lom Lobon
  5588 | D        | Killed Lom Lobon
  5589 | D        | Reached skill level 10 in Dodging
  5589 | D        | Reached XP level 13. HP: 41/140 MP: 4/12
  6167 | D        | Identified the Reference Book on the Doomed Blaze
  6171 | D        | Got a brightly glowing glaive
  6172 | D        | Identified the +2 glaive of Courage {freeze, Int+3} (You
                  | found it in the Dungeon)
  6720 | D        | Killed a shadow dragon
  6729 | D        | Killed a golden dragon
  6730 | D        | Reached skill level 25 in Polearms
  6958 | D        | Found Soijos's Book Shoppe.
  7279 | D        | Bought a pair of runed gloves for 135 gold pieces
  7343 | D        | Bought a glowing ring mail for 126 gold pieces
  7495 | D        | Paralysed by a floating eye for 2 turns
  7499 | D        | Paralysed by a floating eye for 2 turns
  7540 | D        | Bought a pair of glowing boots for 202 gold pieces
  7550 | D        | Bought a runed ring mail for 140 gold pieces
  7576 | D        | Bought a scroll of enchant weapon for 97 gold pieces
  7579 | D        | Bought a potion of lignification for 39 gold pieces
  7579 | D        | Bought a potion of ambrosia for 104 gold pieces
  7579 | D        | Bought a potion of cancellation for 104 gold pieces
  7613 | D        | Bought a scroll of immolation for 45 gold pieces
  7613 | D        | Bought a scroll of fear for 45 gold pieces
  7620 | D        | Bought a potion of might for 56 gold pieces
  7621 | D        | Bought a +2 hat for 176 gold pieces
  7661 | D        | Bought a ring of positive energy for 220 gold pieces
  8288 | D        | HP: 7/141 [poison (dark miasma)]
  8294 | D        | Got the Orb of Zot
  8427 | D        | Noticed a green death
  8431 | D        | Killed a green death
  8475 | D        | Killed an Orb Guardian
  8519 | D        | Escaped with the Orb!

Illustrated notes

Levels and vault maps discovered:
D:        dungeon_sprint_1 [red_sonja_temple_1, red_sonja_temple_small_1]

Skill      XL: |  1  2  3  4  5  6  7  8  9 10 11 12 13 |
---------------+----------------------------------------+-----
Fighting       | 5 7 9 11 12 13 14 15 17 20 | 20.7
Polearms       | 5 7 10 12 14 16 18 20 22 24 25 | 25.1
Armour         | 3 4 5 7 8 10 12 13 16 19 | 19.9
Dodging        | 3 4 5 6 7 8 9 10 | 10.0
Stealth        | 1 3 4 |  4.4
Evocations     | 2 3 |  3.0

Action                   |  1- 3 |  4- 6 |  7- 9 | 10-12 | 13-15 || total
-------------------------+-------+-------+-------+-------+-------++-------
Melee: Spear             |     4 |     7 |       |       |       ||    11
       Headbutt          |     2 |     2 |     5 |    55 |     2 ||    66
       Scythe            |       |    13 |    31 |    57 |       ||   101
       Glaive            |       |       |       |   124 |     6 ||   130
       Halberd           |       |       |       |     4 |       ||     4
       Bardiche          |       |       |       |    30 |       ||    30
Invok: Berserk           |     2 |     2 |     5 |     7 |       ||    16
       Trog's Hand       |       |       |       |     1 |     2 ||     3
       Brothers in Arms  |       |       |       |     1 |     2 ||     3
 Abil: Evoke Flight      |       |       |       |     2 |     3 ||     5
  Use: Potion            |       |       |       |       |     1 ||     1
 Stab: Distracted        |       |       |       |     1 |     1 ||     2
Armor: Animal skin       |     1 |       |       |       |       ||     1
       Ring mail         |       |     2 |     7 |       |       ||     9
       Troll leather arm |       |       |     5 |       |       ||     5
       Chain mail        |       |       |     2 |   150 |     1 ||   153
Dodge: Dodged            |     1 |     6 |    17 |    82 |     4 ||   110

Table legend: (Time is in decaauts)
 A = Elapsed time spent in this place.
 B = Non-inter-level travel time spent in this place.
 C = Inter-level travel time spent in this place.
 D = Time resting spent in this place.
 E = Time spent auto-exploring this place.
 F = Levels seen in this place.
 G = Mean time per level.
                   A        B        C        D        E       F      G
               +--------+--------+--------+--------+--------+-----+--------+
         Total |   8707 |   7983 |    724 |   5106 |     49 |   1 | 8707.0 |
       Dungeon |   8707 |   7983 |    724 |   5106 |     49 |   1 | 8707.0 |
               +--------+--------+--------+--------+--------+-----+--------+

Top non-repeatable levels by time:
       D: 8707 daAuts
